Unix NetHack Version 5.0.0-0 post-release - last build May 23 2026 06:08:33 (1c0ff79ee797540d5714e4e18072db0edd9e58ae,branch:main).

Game began 2026-05-23 17:40:07, ended 2026-05-23 17:48:43.

Kwijibo4686, lawful male human Knight

                                 -------------                ######
                                 |C.........C|                   --|------
                                 |.....C.....|     ##############........|
                                 |...-----...|#  #   #-------    |.......|
                     #########   |...|.{.|....########|.....|    |...<...|
                     -|-     #   |..C|{.{|C..|#  #####-....^|    ---------
                    .....    #   |...|.{.|...|#       |.....|
                  .........  #   |...---.-...|#       |.....|
                 |..........|#   |.....C.....|#       |.....|
                 |..........|#   |C.........C|#       -------
                 |.*........|#   -------------#
                 ------------#i@###############

Kwijibo4686 the Esquire  St:14 Dx:9 Co:12 In:9 Wi:15 Ch:17  Lawful
Dlvl:5  $:39 HP:0(33) Pw:21(21) AC:3  Xp:3 T:1436  Hungry   Burdened

Latest messages:
 The door resists!
 The door resists!
 The door opens.
 The homunculus hurls a puce potion!
 The phial crashes on your head and breaks into shards.
 The puce potion evaporates.
 Something seems to be holding you.
 The homunculus bites!
 You can move again.
 You begin bashing monsters with your lance.
 You miss the homunculus.
 The homunculus just misses!
 You hit the homunculus.
 The homunculus misses!
 You hit the homunculus.
 The homunculus bites!
 The homunculus misses!
 You miss the homunculus.
 The homunculus misses!
 You hit the homunculus.
 The homunculus misses!
 You miss the homunculus.
 The homunculus bites!
 You are put to sleep by the homunculus!
 The homunculus bites!
 The homunculus bites!
 You wake up.
 You miss the homunculus.
 The homunculus bites!
 You are put to sleep by the homunculus!
 The homunculus bites!
 The homunculus bites!
 The homunculus bites!
 The homunculus bites!
 The homunculus bites!
 The homunculus bites!
 You wake up.
 You hit the homunculus.
 The homunculus bites!
 You are put to sleep by the homunculus!
 The homunculus bites!
 You wake up.
 The homunculus bites!
 The homunculus bites!
 You hit the homunculus.
 The homunculus bites!
 The homunculus bites!
 You avoid harm.
 You die...
 Do you want your possessions identified? [ynq] (y) q

Inventory:
 Coins    ('$')
  $ - 39 gold pieces
 Weapons  (')')
  a - a +1 long sword (alternate weapon; not wielded)
  b - a +1 lance (weapon in right hand)
 Armor    ('[')
  d - an uncursed +0 helmet (being worn)
  f - an uncursed +0 pair of leather gloves (being worn)
  e - an uncursed +0 small shield (being worn)
  c - an uncursed +1 ring mail (being worn)
 Comestibles  ('%')
  g - 11 uncursed apples
  h - 14 uncursed carrots
  m - 2 uncursed food rations
 Scrolls  ('?')
  q - 2 uncursed scrolls of enchant armor
  i - an uncursed scroll of gold detection
  w - an uncursed scroll of magic mapping
 Spellbooks  ('+')
  j - an uncursed spellbook of healing
 Potions  ('!')
  o - an uncursed potion of booze
  k - a cursed potion of gain energy
  p - a blessed potion of restore ability
  t - an uncursed potion of sickness
 Rings    ('=')
  s - an uncursed ring of searching
 Wands    ('/')
  r - a cursed wand of slow monster (0:5)
 Tools    ('(')
  u - an uncursed bag of holding containing 1 item

Contents of the bag of holding:
  an uncursed worthless piece of violet glass

Kwijibo4686 the Knight's attributes:

Background:
 You were an Esquire, a level 3 male human Knight.
 You were lawful, nominally on a mission for Lugh
 who was opposed by Brigit (neutral) and Manannan Mac Lir (chaotic).
 You were right-handed.
 You were in the Dungeons of Doom, on level 5.
 You entered the dungeon 1436 turns ago.
 You had 51 experience points, 29 more were needed to attain level 4.

Basics:
 You had 0 out of 33 hit points.
 You had all 21 energy points (spell power).
 Your armor class was 3.
 Your wallet contained 39 zorkmids.
 Autopickup was on for '$?!/="' plus thrown.

Final Characteristics:
 Your strength was 14 (limit:18/100).
 Your dexterity was 9 (limit:18).
 Your constitution was 12 (limit:18).
 Your intelligence was 9 (limit:18).
 Your wisdom was 15 (limit:18).
 Your charisma was 17 (limit:18).

Final Status:
 You were hungry.
 You were burdened; movement was slightly slowed.
 You were wielding a lance.
 You had basic skill with lance.

Final Attributes:
 You were devoutly aligned.
 You were telepathic.
 You could jump.
 You were warded.
 You are dead.

Miscellaneous:
 You didn't encounter any bones levels.
 Total elapsed playing time was 8 minutes and 35 seconds.

Major events:
 Turn
    1: Kwijibo4686 the lawful male human Knight entered the dungeon
 1255: attained the rank of Esquire (level 3)
 1436: killed by a homunculus

You didn't know any spells.

Skills:
 Fighting Skills
   bare handed combat [Unskilled]
   two weapon combat  [Unskilled]
   riding             [Basic]
 Weapon Skills
   dagger             [Unskilled]
   knife              [Unskilled]
   axe                [Unskilled]
   pick-axe           [Unskilled]
   short sword        [Unskilled]
   broadsword         [Unskilled]
   long sword         [Basic]
   two-handed sword   [Unskilled]
   saber              [Unskilled]
   club               [Unskilled]
   mace               [Unskilled]
   morning star       [Unskilled]
   flail              [Unskilled]
   hammer             [Unskilled]
   polearms           [Unskilled]
   spear              [Unskilled]
   trident            [Unskilled]
   lance              [Basic]
   bow                [Unskilled]
   crossbow           [Unskilled]
 Spellcasting Skills
   attack spells      [Unskilled]
   healing spells     [Unskilled]
   clerical spells    [Unskilled]

Voluntary challenges:
 Character rerolling was not enabled.
 You were an atheist.
 You were illiterate.
 You never genocided any monsters.
 You never polymorphed an object.
 You never changed form.
 You used no wishes.
Achievement:
 You attained the rank of Esquire.

 The Dungeons of Doom: levels 1 to 5
    Level 1:
    Level 2:
       A fountain.
    Level 3:
    Level 4:
       Some fountains, a sink.
    Level 5: <- You were here.
       Many fountains.
       Oracle of Delphi.
       Final resting place for
          you, killed by a homunculus.


Vanquished creatures:
  a floating eye
  a kitten
  2 dwarf zombies
  2 acid blobs
  a hobbit
  2 giant rats
  a cave spider
  a red mold
  a gecko
  6 jackals
  a kobold
  2 goblins
  3 sewer rats
  5 grid bugs
  2 lichens
  4 newts
35 creatures vanquished.

No species were genocided or became extinct.

Game over:
                       ----------
                      /          \
                     /    REST    \
                    /      IN      \
                   /     PEACE      \
                  /                  \
                  |   Kwijibo4686    |
                  |      39 Au       |
                  |   killed by a    |
                  |    homunculus    |
                  |                  |
                  |                  |
                  |       2026       |
                 *|     *  *  *      | *
        _________)/\\_//(\/(/\)/\//\/|_)_______

Fare thee well Kwijibo4686 the Knight...

You died in The Dungeons of Doom on dungeon level 5 with 440 points,
and 39 pieces of gold, after 1436 moves.
You were level 3 with a maximum of 33 hit points when you died.

